 Dungeon Crawl Stone Soup version 0.20-a0-351-gc9b4002 (webtiles) character file.

24 RogueShenanigans the Shooter (level 2, 0/25 HPs)
             Began as a Centaur Hunter on Dec 25, 2016.
             Slain by a leopard gecko (1 damage)
             ... on level 2 of the Dungeon.
             The game lasted 00:03:49 (1103 turns).

RogueShenanigans the Shooter (Centaur Hunter)       Turns: 1103, Time: 00:03:50

Health: 0/25       AC:  4    Str: 14    XL:     2   Next: 79%
Magic:  2/2        EV:  9    Int: 10    God:
Gold:   92         SH:  0    Dex:  9    Spells: 1/1 levels left

rFire  . . .     SeeInvis .     b - +0 short sword
rCold  . . .     Gourm    .     c - +0 leather armour
rNeg   . . .     Faith    .     (no shield)
rPois  .         Spirit   .     (no helmet)
rElec  .         Reflect  .     (no cloak)
rCorr  .         Harm     .     (no gloves)
MR     .....                    (no barding)
Stlth  +.........               (no amulet)
                                (no ring)
                                (no ring)

@: very quick
A: hooves 3, deformed body, speed 2, tough skin 3
a: no special abilities


You were on level 2 of the Dungeon.
You were not hungry.

You visited 1 branch of the dungeon, and saw 2 of its levels.

You collected 92 gold pieces.

Inventory:

Hand Weapons
 a - a +1 shortbow
 b - a +0 short sword (weapon)
 j - a +1 vampiric whip
Missiles
 d - 42 arrows
Armour
 c - a +0 leather armour (worn)
 l - a +0 chain mail
Scrolls
 g - a scroll of random uselessness {unknown}
 h - a scroll of teleportation {unknown}
 m - 2 scrolls of identify {unknown}
 n - 2 scrolls of magic mapping {unknown}
 o - 2 scrolls of remove curse {unknown}
 q - a scroll of enchant armour {unknown}
Potions
 e - a potion of resistance {unknown}
 p - a potion of mutation {unknown}
Comestibles
 f - 3 bread rations
 i - a beef jerky
 k - 2 meat rations
 r - 3 chunks of flesh


   Skills:
 + Level 2.3 Fighting
 * Level 6.2 Bows
 - Level 1.3 Dodging
 - Level 0.4 Stealth


You had one spell level left.
You didn't know any spells.

Dungeon Overview and Level Annotations

Branches:
Dungeon (2/15)

Altars:
Qazlal


Innate Abilities, Weirdness & Mutations

You have hooves in place of feet.
Armour fits poorly on your strangely shaped body.
You cover ground very quickly.
You have extremely tough skin. (AC +3)


Message History

You miss the leopard gecko.
The leopard gecko is severely wounded.
The leopard gecko bites you.
You closely miss the leopard gecko.
The leopard gecko is severely wounded.
The leopard gecko bites you.
The leopard gecko bites you but does no damage.
You miss the leopard gecko. Your kick misses the leopard gecko.
The leopard gecko is severely wounded.
The leopard gecko bites you.
* * * LOW HITPOINT WARNING * * *
You closely miss the leopard gecko. Your kick misses the leopard gecko.
The leopard gecko is severely wounded.
The leopard gecko bites you but does no damage.
You hit the leopard gecko. Your kick misses the leopard gecko.
The leopard gecko is almost dead.
The leopard gecko bites you.
* * * LOW HITPOINT WARNING * * *
The leopard gecko bites you.
You die...

.(. ...#.#.............
.._ ........#.#........
^^.≈ ...........#...##...
.≈..## §...........#.....
#. #.(^.#
§§..........######.#
.(..≈##^
..................
≈≈..§≈§###......w.........
....§§.........#l#.#...(..
...#..§........#@#........
####..........##÷#........
..............##'#........
..........................
...............†..........
.........................
......#.................
......#...#.............
......#...##...#+#......


You could see a worm and a leopard gecko.

Vanquished Creatures
  A dart slug (D:1)
  3 bats (D:1)
  2 goblins (D:1)
  3 hobgoblins
  2 jackals (D:2)
  3 frilled lizards
  4 kobolds
  2 rats (D:1)
20 creatures vanquished.

Notes
Turn   | Place    | Note
-------+----------+-------------------------------------------
     0 | D:1      | RogueShenanigans the Centaur Hunter began the quest for the Orb.
     0 | D:1      | Reached XP level 1. HP: 17/17 MP: 1/1
   218 | D:1      | Reached XP level 2. HP: 24/24 MP: 2/2
   613 | D:1      | Reached skill level 6 in Bows
   899 | D:2      | Found a stormy altar of Qazlal.
  1103 | D:2      | HP: 1/25 [leopard gecko (4)]
  1103 | D:2      | Slain by a leopard gecko

Vault maps used:
D:1:      minmay_arrival_stair_chambers
D:2:      grunt_qazlal_sundering, first_bread

Skill      XL: |  1  2 |
---------------+-------+-----
Bows           | 6 |  6.2
Fighting       | |  2.3
Dodging        | |  1.3
Stealth        | |  0.4

Action                   || total
-------------------------++-------
Melee: Short sword       ||    84
       Kick              ||    14
Armor: Leather armour    ||    45
Dodge: Dodged            ||    51
